 Dungeon Crawl Stone Soup version 0.29.1-15-g9cfb28693d (webtiles) character file.

Game seed: 8481931554525025004

1806 Gabide the Digger (level 8, -1/94 HPs)
             Began as a Demigod Wanderer on Apr 22, 2023.
             Slain by a sky beast (6 damage)
             ... on level 7 of the Dungeon.
             The game lasted 00:12:01 (8032 turns).

Gabide the Digger (Demigod Wanderer)                Turns: 8032, Time: 00:12:02

Health: -1/94      AC:  7    Str: 20    XL:     8   Next: 54%
Magic:  0/15       EV: 12    Int: 14    God:
Gold:   197        SH:  5    Dex: 14    Spells: 8/13 levels left

rFire   + . .      SeeInvis +     - Unarmed
rCold   . . .      Faith    .   n - +0 buckler
rNeg    . . .      Spirit   .   p - +2 leather armour {rF+}
rPois   +          Reflect  .   (no helmet)
rElec   .          Harm     .   (no cloak)
rCorr   .          Rampage  .   k - +1 pair of gloves
Will    .....                   (no boots)
Stlth   ..........              (no amulet)
HPRegen 0.25/turn               x - ring of poison resistance
MPRegen 0.14/turn               i - ring of see invisible

@: berserking, very quick
A: high MP 1, forlorn, divine attributes
a: no special abilities


You were on level 7 of the Dungeon.
You visited 1 branch of the dungeon, and saw 7 of its levels.

You collected 397 gold pieces.
You spent 200 gold pieces at shops.

Inventory:

Hand Weapons
 a - a +3 dagger of speed
 s - a +1 whip of flaming
Missiles
 y - 14 boomerangs of dispersal
Armour
 k - a +1 pair of gloves (worn)
 n - a +0 buckler (worn)
 p - a +2 leather armour of fire resistance (worn)
Jewellery
 f - a +6 ring of dexterity
 i - a ring of see invisible (right hand)
 x - a ring of poison resistance (left hand)
Wands
 l - a wand of roots (8)
 t - a wand of charming (3)
 w - a wand of flame (41)
Scrolls
 b - 2 scrolls of immolation
 e - 2 scrolls of teleportation
 h - 2 scrolls of amnesia
 q - a scroll of vulnerability
Potions
 c - 2 potions of attraction
 d - a potion of flight {unknown}
 g - 3 potions of mutation
 j - a potion of degeneration
 o - a potion of might {unknown}
 r - a potion of heal wounds {unknown}
 u - a potion of brilliance {unknown}
 v - a potion of curing


   Skills:
 - Level 3.0 Fighting
 - Level 1.0 Throwing
 - Level 3.0 Armour
 - Level 3.0 Dodging
 - Level 3.0 Shields
 - Level 3.0 Unarmed Combat
 - Level 3.0 Spellcasting
 + Level 4.9 Transmutations
 - Level 6.0 Earth Magic


You had 8 spell levels left.
You knew the following spells:

 Your Spells              Type           Power      Damage    Failure   Level
a - Sandblast             Erth           36%        2d10      2%          1
b - Petrify               Tmut/Erth      17%        N/A       34%         4

Your spell library contained the following spells:

 Spells                   Type           Power      Damage    Failure   Level
 Leda's Liquefaction      Hex/Erth       5%         N/A       67%         4
 Tukima's Dance           Hex            2%         N/A       69%         3
 Passage of Golubria      Tloc           2%         N/A       97%         4
 Yara's Violent Unravell  Hex/Tmut       4%         3d4       98%         5
 Iskenderun's Battlesphe  Conj           2%         2d6       100%        5
 Iron Shot                Conj/Erth      5%         9d2       100%        6
 Spellforged Servitor     Conj/Summ      1%         N/A       100%        7


Dungeon Overview and Level Annotations

Branches:
Dungeon (7/15)             Temple (0/1) D:4

Shops:
D:6 *

Annotations:
D:3 exclusion: moth of wrath


Innate Abilities, Weirdness & Mutations

You have an increased reservoir of magic. (+10% MP)
You shall have no god before yourself.
Your divine heritage dramatically boosts your attributes as you level up.


Message History

You barely miss the sky beast.
The sky beast is heavily wounded.
You block the orc's attack. The sky beast barely misses you.
You closely miss the sky beast.
The sky beast is heavily wounded.
The orc closely misses you. The sky beast closely misses you.
You hit the sky beast.
The sky beast is heavily wounded.
The sky beast hits you but does no damage.
The orc hits you with a +0 war axe.
Aiming: Sandblast (safe; 2% risk of failure)
Press: ? - help, Q - select action, (/) - cycle Shift-Dir - straight line, f/p - sky beast
Aim: a sky beast (heavily wounded, 75% to hit)
The blast of sand hits the sky beast but does no damage.
The sky beast is heavily wounded.
The sky beast hits you but does no damage.
The orc closely misses you.
You hit the sky beast.
The sky beast is heavily wounded.
The orc barely misses you.
The sky beast flickers out of sight for a moment.
The sky beast hits you but does no damage.
The orc barely misses you. The sky beast hits you.
* * * LOW HITPOINT WARNING * * *
The sky beast shocks you.
* * * LOW HITPOINT WARNING * * *
A red film seems to cover your vision as you go berserk!
You feel yourself moving faster!
You feel mighty! The sky beast closely misses you.
The orc hits you with a +0 war axe!
* * * LOW HITPOINT WARNING * * *
You miss the sky beast.
The sky beast is heavily wounded.
You punch the sky beast!
The sky beast is almost dead.
The orc hits you with a +0 war axe.
* * * LOW HITPOINT WARNING * * *
The sky beast hits you.
* * * LOW HITPOINT WARNING * * *
The sky beast shocks you.
You die...

#.###...[....... ..#
#..........#
#####..####....#
#....†#..#....#
#.....'..+....####
#....†#..#.......#
#.....####.......#
#................###.##
#..............@).)....
#.........###..oY###.##
#...........+........
#######.##.##....####
#.# .##....# #..
.##....# ### ###....#
#....#


You could see a sky beast and an orc.

Vanquished Creatures
  3 water moccasins
  2 black bears (D:5)
  An ice beast (D:5)
  An ogre (D:4)
  3 phantoms
  2 kobold brigands (D:7)
  2 necrophages (D:5)
  A scorpion (D:4)
  3 hounds
  An orc priest (D:5)
  A jelly (D:4)
  A gnoll bouda (D:6)
  5 iguanas
  Natasha (twice) (D:4)
  10 adders
  4 gnolls (D:6)
  A shadow imp (D:6)
  An ufetubus (D:5)
  3 worms
  2 dart slugs (D:1)
  18 orcs
  13 ball pythons
  A bat (D:3)
  9 endoplasms
  A giant cockroach (D:4)
  5 goblins
  7 hobgoblins
  4 jackals
  14 kobolds
  2 quokkas
  2 frilled lizards (D:1)
  5 rats
130 creatures vanquished.

Notes
Turn   | Place    | Note
-------+----------+-------------------------------------------
     0 | D:1      | Gabide the Demigod Wanderer began the quest for the Orb.
     0 | D:1      | Gabide set off with the following items: a +0 dagger, a +0
                  | buckler, a potion of attraction, a +0 robe, a scroll of
                  | teleportation; and the following spell memorised:
                  | Sandblast; and the following spells available to memorise:
                  | Leda's Liquefaction, Petrify.
     0 | D:1      | Reached XP level 1. HP: 16/16 MP: 4/4
   257 | D:1      | Reached XP level 2. HP: 23/23 MP: 4/7
   418 | D:1      | Reached skill level 3 in Earth Magic
   933 | D:2      | Reached XP level 3. HP: 28/28 MP: 4/8
  2284 | D:3      | Reached skill level 4 in Earth Magic
  2318 | D:3      | Noticed a moth of wrath
  2733 | D:3      | Reached XP level 4. HP: 35/35 MP: 5/9
  3445 | D:4      | Found a staircase to the Ecumenical Temple.
  3457 | D:4      | Reached XP level 5. HP: 41/41 MP: 8/10
  4123 | D:4      | Noticed Natasha
  4686 | D:4      | Reached XP level 6. HP: 29/49 MP: 3/12
  4693 | D:4      | Killed Natasha
  4873 | D:4      | Noticed Natasha
  4882 | D:4      | Killed Natasha
  5475 | D:5      | Entered Level 5 of the Dungeon
  5481 | D:5      | Reached XP level 7. HP: 28/56 MP: 8/14
  5822 | D:5      | Reached skill level 5 in Earth Magic
  6307 | D:5      | Reached skill level 6 in Earth Magic
  6386 | D:5      | Reached XP level 8. HP: 50/63 MP: 6/15
  7290 | D:6      | Found Zozaa's Serpentskin Sales.
  7358 | D:6      | Bought a ring of poison resistance for 200 gold pieces
  7891 | D:6      | Learned a level 4 spell: Petrify
  8032 | D:7      | Slain by a sky beast

Illustrated notes

Levels and vault maps discovered:
D:1:      dpeg_arrival_line_fractal, layout_loops_cross
D:2:      layout_basic, hellmonk_ecumenical_altar_crossroads
D:3:      layout_basic, nicolae_overflow_ecumenical_swirl, tgw_trog, st_stairs_6
D:4:      layout_cave_pods, grunt_qazlal_sundering,
          mainiacjoe_overflow_six_doors_small,
          mainiacjoe_overflow_surrounded_room, kennysheep_mini_moat,
          temple_green, uniq_natasha
D:5:      layout_rooms, mainiacjoe_overflow_cross_hatched
D:6:      layout_basic, guppyfry_shop_venom
D:7:      nzn_winding_woodlands_large [nzn_winding_woodlands_5x5_cross,
          nzn_winding_woodlands_5x15_sidewinder,
          nzn_winding_woodlands_5x5_open_star,
          nzn_winding_woodlands_center_triple_pond,
          nzn_winding_woodlands_15x15_five_gardens,
          nzn_winding_woodlands_center_lodge,
          nzn_winding_woodlands_5x5_perimeter, nzn_winding_woodlands_5x15_pool,
          nzn_winding_woodlands_5x5_closed_star], layout_basic,
          mainiacjoe_overflow_brackets, minmay_unpleasant_kobolds,
          uniq_prince_ribbit1

Skill      XL: |  1  2  3  4  5  6  7  8 |
---------------+-------------------------+-----
Spellcasting   | 2 3 |  3.0
Earth Magic    | 3 4 6 |  6.0
Fighting       | 2 3 |  3.0
Dodging        | 2 3 |  3.0
Shields        | 2 3 |  3.0
Unarmed Combat | 2 3 |  3.0
Armour         | 2 3 |  3.0
Transmutations | 4 |  4.9
Throwing       | |  1.0

Action                   |  1- 3 |  4- 6 |  7- 9 || total
-------------------------+-------+-------+-------++-------
Melee: Whip              |     2 |     6 |       ||     8
       Unarmed           |       |     6 |    13 ||    19
       Dagger            |       |     2 |       ||     2
 Cast: Sandblast         |    83 |    97 |   142 ||   322
  Use: Potion            |       |     3 |     1 ||     4
       Scroll            |       |     7 |     3 ||    10
Armor: Robe              |     8 |    12 |     6 ||    26
       Leather armour    |       |       |    49 ||    49
Dodge: Dodged            |    20 |    48 |   116 ||   184
Block: Buckler           |     6 |    21 |    44 ||    71
